 Dungeon Crawl Stone Soup version 0.19-a0-1738-gbb2db12 (webtiles) character file.

3631 Naow the Severer (level 9, -1/71 HPs)
             Began as a Minotaur Berserker on Oct 1, 2016.
             Was an Elder of Trog.
             Slain by a hippogriff (4 damage)
             ... on level 7 of the Dungeon.
             The game lasted 00:19:16 (6710 turns).

Naow the Severer (Minotaur Berserker)               Turns: 6710, Time: 00:19:17

Health: -1/71      AC:  9    Str: 27    XL:     9   Next: 87%
Magic:  8/8        EV: 11    Int:  7    God:    Trog [****..]
Gold:   212        SH:  0    Dex:  9    Spells: 0 memorised, 8 levels left

rFire  + . .     SeeInvis .     I - +0 war axe of Uklum {chop, +Rage rF+ MR+ Str+4} (curse)
rCold  . . .     Gourm    .     o - +0 scale mail
rNeg   . . .     Faith    .     (no shield)
rPois  .         Spirit   .     (helmet restricted)
rElec  .         Dismiss  .     E - +2 cloak
rCorr  .         Reflect  .     (no gloves)
MR     +++..     Harm     .     (no boots)
Stlth  ..........               (no amulet)
                                (no ring)
                                (no ring)

@: exhausted, regenerating, slowed, very slow
A: retaliatory headbutt, horns 2
a: Berserk, Trog's Hand, Brothers in Arms, Burn Spellbooks, Renounce Religion,
Evoke Berserk Rage


You were on level 7 of the Dungeon.
You worshipped Trog.
Trog was greatly pleased with you.
You were near starving.

You visited 1 branch of the dungeon, and saw 7 of its levels.

You collected 329 gold pieces.
You spent 117 gold pieces at shops.

Inventory:

Hand Weapons
 I - the cursed +0 war axe of Uklum (weapon) {chop, +Rage rF+ MR+ Str+4}
   (You found it on level 6 of the Dungeon)

   It inflicts extra damage upon your enemies.
   It affects your strength (+4).
   It protects you from fire.
   It affects your resistance to hostile enchantments.
   It lets you go berserk.
   It has a curse placed upon it.
Armour
 b - a +0 animal skin
 o - a +0 scale mail (worn)
 E - a +2 cloak (worn)
Wands
 g - a wand of lightning (4/15)
 k - a wand of flame (41/48)
 B - a wand of lightning (13/15)
 F - a wand of slowing (19/48)
 H - a wand of flame (24/48)
Scrolls
 e - 2 scrolls of teleportation {unknown}
 f - 4 scrolls of identify {unknown}
 h - 2 scrolls of random uselessness {unknown}
 i - 2 scrolls of immolation {unknown}
 j - a scroll of fear {unknown}
 n - 5 scrolls of remove curse {unknown}
 t - a scroll of recharging {unknown}
 y - 2 scrolls of enchant armour {unknown}
 z - a scroll of noise {unknown}
 J - 3 scrolls of blinking {unknown}
Potions
 d - 2 potions of lignification {unknown}
 l - 4 potions of degeneration
 m - 3 potions of curing
 p - 2 potions of cure mutation {unknown}
 r - a potion of magic {unknown}
 s - a potion of cancellation {unknown}
 v - a potion of might {unknown}
 w - a potion of mutation {unknown}
 A - a potion of resistance {unknown}
 C - a potion of brilliance {unknown}
 D - a potion of agility {unknown}
 G - a potion of berserk rage {unknown}
Books
 a - a book of Conjurations

   Spells                             Type                      Level
   a - Magic Dart                     Conjuration                  1
   b - Searing Ray                    Conjuration                  2
   c - Dazzling Spray                 Conjuration/Hexes            3
   d - Fulminant Prism                Conjuration/Hexes            4
   e - Iskenderun's Mystic Blast      Conjuration                  4
   f - Iskenderun's Battlesphere      Conjuration/Charms           5
   Trog disapproves of the use of such an item.
Comestibles
 c - 5 bread rations
 q - 3 fruits
 u - 2 meat rations


   Skills:
 - Level 3.7 Fighting
 + Level 16.1 Axes
 - Level 2.4 Armour
 - Level 2.1 Dodging


You had 8 spell levels left.
You didn't know any spells.

Dungeon Overview and Level Annotations

Branches:
Dungeon (7/15)             Temple (0/1) D:7

Altars:

Shops:
D:4 !   D:5 (


Innate Abilities, Weirdness & Mutations

You reflexively headbutt those who attack you in melee.
You have a pair of horns on your head.


Message History

You feel the effects of Trog's Hand fading.
The iguana bites you. The hippogriff bites you!
* * * LOW HITPOINT WARNING * * *
The hippogriff barely misses you. The hippogriff completely misses you.
The yak misses you. You furiously retaliate!
You headbutt the yak.
Your two-headed ogre goes berserk!
You are near starving!
The iguana bites you but does no damage.
The hippogriff bites you.
* * * LOW HITPOINT WARNING * * *
The hippogriff pecks you but does no damage.
The hippogriff claws you.
* * * LOW HITPOINT WARNING * * *
The yak gores you.
* * * LOW HITPOINT WARNING * * *
The iguana closely misses you. The yak closely misses you.
The hippogriff bites you but does no damage.
The hippogriff pecks you but does no damage.
The hippogriff claws you.
You die...

.....................#
####################.#
<...... .$#.########
#.... #.#.........
..#....###.#..#######
......))............>
..#...)†...#..#######
#....#Y#.#..#
#....#@#$#..#
.....YlOH.#[.#
####.#.#####... #.#.
..... #.#. #.... # # #
#


You could see a hippogriff, 2 yaks, an iguana and a friendly two-headed ogre
(berserk).

Vanquished Creatures
  The ghost of Cirk the Fighter, a novice OgHu of Uskayaw (D:5)
  Sigmund (D:6)
  A spriggan (D:7)
  3 yaks (D:7)
  Duvessa (D:5)
  An orc warrior (D:6)
  An ice beast (D:6)
  4 sky beasts
  An ogre (D:7)
  A centaur (D:4)
  3 big kobolds (D:4)
  2 bullfrogs
  Dowan (D:5)
  2 scorpions
  4 wights (D:6)
  A crimson imp (D:5)
  4 hounds
  A gnoll shaman (D:7)
  2 orc priests (D:4)
  A jelly (D:6)
  Ijyb (D:2)
  An iguana (D:4)
  4 orc wizards
  2 worker ants
  A hound zombie (D:7)
  2 hound skeletons
  A howler monkey zombie (D:6)
  A worker ant zombie (D:7)
  Robin (D:4)
  16 gnolls
  18 adders
  A shadow imp (D:6)
  2 oozes (D:7)
  2 adder skeletons (D:5)
  A worm (D:3)
  2 dart slugs (D:2)
  5 leopard geckos
  7 orcs
  9 giant cockroaches
  41 goblins
  25 hobgoblins
  5 jackals
  6 quokkas
  5 ball pythons (D:3)
  11 bats
  3 frilled lizards
  13 kobolds
  8 rats
230 creatures vanquished.

Vanquished Creatures (others)
  A hobgoblin (D:1)
1 creature vanquished.

Grand Total: 231 creatures vanquished

Notes
Turn   | Place    | Note
-------+----------+-------------------------------------------
     0 | D:1      | Naow the Minotaur Berserker began the quest for the Orb.
     0 | D:1      | Reached XP level 1. HP: 19/19 MP: 0/0
    97 | D:1      | Reached skill level 4 in Axes
   127 | D:1      | Reached XP level 2. HP: 26/27 MP: 1/1
   585 | D:1      | Reached ** piety under Trog
   763 | D:2      | Reached skill level 5 in Axes
   811 | D:2      | Reached XP level 3. HP: 28/33 MP: 2/2
   886 | D:2      | Noticed Ijyb
   895 | D:2      | Killed Ijyb
   987 | D:2      | Reached skill level 6 in Axes
   987 | D:2      | Reached XP level 4. HP: 31/40 MP: 3/3
  1140 | D:2      | HP: 2/40 [poisoned by an adder]
  1853 | D:3      | Reached *** piety under Trog
  1907 | D:3      | Reached XP level 5. HP: 41/46 MP: 4/4
  2064 | D:3      | Reached skill level 7 in Axes
  2394 | D:4      | Found Bouler's Distillery.
  2409 | D:4      | Bought a potion of heal wounds for 65 gold pieces
  2409 | D:4      | Bought a potion of curing for 39 gold pieces
  2409 | D:4      | Bought a potion of degeneration for 13 gold pieces
  2655 | D:4      | Reached skill level 8 in Axes
  2663 | D:4      | Reached XP level 6. HP: 32/52 MP: 5/5
  2949 | D:4      | Reached **** piety under Trog
  2958 | D:4      | Noticed Robin
  2973 | D:4      | Killed Robin
  3070 | D:4      | Reached skill level 9 in Axes
  3949 | D:4      | Reached XP level 7. HP: 53/58 MP: 6/6
  3982 | D:4      | Reached ***** piety under Trog
  4014 | D:4      | Reached skill level 10 in Axes
  4097 | D:4      | Received a gift from Trog
  4104 | D:4      | Reached skill level 11 in Axes
  4341 | D:5      | Entered Level 5 of the Dungeon
  4343 | D:5      | Noticed Cirk's ghost (novice OgHu)
  4371 | D:5      | Killed Cirk's ghost
  4371 | D:5      | Reached skill level 12 in Axes
  4371 | D:5      | Reached XP level 8. HP: 55/66 MP: 7/7
  5031 | D:5      | Noticed Dowan
  5032 | D:5      | Found Usteaff's Weapon Boutique.
  5032 | D:5      | Noticed Duvessa
  5040 | D:5      | Killed Duvessa
  5040 | D:5      | Reached skill level 13 in Axes
  5048 | D:5      | Killed Dowan
  5737 | D:6      | Reached XP level 9. HP: 57/71 MP: 8/8
  5755 | D:6      | Reached skill level 14 in Axes
  5819 | D:6      | Noticed Sigmund
  5824 | D:6      | Killed Sigmund
  6011 | D:6      | Got a shimmering war axe
  6012 | D:6      | Identified the cursed +0 war axe of Uklum {chop, +Rage rF+ MR+ Str+4} (You found it on level 6 of the Dungeon)
  6583 | D:7      | Found a staircase to the Ecumenical Temple.
  6655 | D:7      | Reached skill level 15 in Axes
  6706 | D:7      | Reached skill level 16 in Axes
  6710 | D:7      | HP: 3/71 [yak (5)]
  6710 | D:7      | Slain by a hippogriff

Vault maps used:
D:1:      saegor_arrival_miasma, hangedman_glass_teeth, hex_intersection,
          interstate_on_off, serial_park_tiny_2, grunt_decor_cap, hex_medium,
          roderic_bali_sauvastika, minivault_25, minmay_misc_feat_more_columns,
          hangedman_decor_clover_reticule
D:2:      uniq_iyjb
D:3:      minmay_snake_closets
D:4:      minmay_goblin_kobold_castle, serial_shops, shop,
          gup_sewer_entry_glass, first_bread, uniq_robin
D:5:      serial_shops, shop, uniq_duvessa
D:6:      uniq_sigmund
D:7:      the_bakery

Skill      XL: |  1  2  3  4  5  6  7  8  9 |
---------------+----------------------------+-----
Axes           | 4 5 6 8 9 12 13 16 | 16.1
Fighting       | |  3.7
Armour         | |  2.4
Dodging        | |  2.1

Action                   |  1- 3 |  4- 6 |  7- 9 || total
-------------------------+-------+-------+-------++-------
Melee: Hand axe          |    71 |   242 |   236 ||   549
       Headbutt          |     5 |    42 |    57 ||   104
       War axe           |       |       |    75 ||    75
Invok: Berserk           |     2 |     1 |     4 ||     7
       Trog's Hand       |       |       |     7 ||     7
       Brothers in Arms  |       |       |     1 ||     1
  Use: Potion            |       |       |     3 ||     3
  Eat: Chunk             |     1 |    12 |     9 ||    22
       Meat ration       |       |       |     1 ||     1
Armor: Animal skin       |    12 |     7 |       ||    19
       Scale mail        |       |    61 |    99 ||   160
Dodge: Dodged            |    59 |   140 |   111 ||   310
